 Dungeon Crawl Stone Soup version 0.26-a0-672-g1df16c3386 (webtiles) character file.

Game seed: 6717220113235080713

181216 corevian the Executioner (level 17, -9/168 HPs)
             Began as a Minotaur Fighter on Oct 19, 2020.
             Was the Champion of Okawaru.
             Killed by the raging water
             ... invoked by a water nymph
              (29 damage)
             ... on level 2 of the Shoals.
             The game lasted 01:04:33 (36724 turns).

corevian the Executioner (Minotaur Fighter)        Turns: 36724, Time: 01:04:34

Health: -9/168     AC: 32    Str: 26    XL:     17   Next: 33%
Magic:  19/19      EV:  8    Int:  5    God:    Okawaru [******]
Gold:   2541       SH:  0    Dex: 12    Spells: 14/16 levels left

rFire    . . .     SeeInvis .   b - +5 executioner's axe (freeze)
rCold    + + +     Faith    .   (shield currently unavailable)
rNeg     + . .     Spirit   .   M - +1 plate armour {rPois}
rPois    +         Reflect  +   h - +2 hat
rElec    .         Harm     .   C - +2 cloak
rCorr    .         Rampage  .   k - +4 pair of gloves "Zajiw" {rC+ Stlth+}
MR       +....                  L - +2 pair of boots {run}
Stlth    ..........             l - amulet of reflection
HPRegen  0.38/turn              E - ring of poison resistance
MPRegen  0.16/turn              i - ring of Xom's Recklessness {rC+ rN+}

@: confused, mesmerised, glowing, very slow
A: retaliatory headbutt, horns 2, cold resistance 1, mutation resistance 1
}: 1/15 runes: gossamer
a: Heroism, Finesse, Renounce Religion


You were on level 2 of the Shoals.
You worshipped Okawaru.
Okawaru was exalted by your worship.
You visited 6 branches of the dungeon, and saw 27 of its levels.
You also visited: Sewer and Ice Cave.

You collected 3170 gold pieces.
You spent 629 gold pieces at shops.

Inventory:

Hand Weapons
 b - a +5 executioner's axe of freezing (weapon)
 c - a +2 vorpal battleaxe
 r - the +7 war axe of Trog's Scorn {vorpal, Dex+3}
   (You found it in a sewer)

   It inflicts extra damage upon your enemies.
   It affects your dexterity (+3).
 F - the +6 trident "Qaipt" {flame, rPois Str-4 Dex+4}
   (You found it on level 10 of the Dungeon)

   It has been specially enchanted to burn those struck by it, causing extra
   injury to most foes and up to half again as much damage against particularly
   susceptible opponents.
   It affects your strength (-4).
   It affects your dexterity (+4).
   It protects you from poison.
Armour
 a - the +0 pair of gloves "Miq Jebuept" {Rampage +Inv rN+ Str-3}
   (You bought it in a shop on level 2 of the Orcish Mines)

   It affects your strength (-3).
   It protects you from negative energy.
   It lets you turn invisible.
   It bestows one free step when moving towards enemies.
 h - a +2 hat (worn)
 k - the +4 pair of gloves "Zajiw" (worn) {rC+ Stlth+}
   (Okawaru gifted it to you on level 4 of the Spider Nest)

   It protects you from cold.
   It makes you more stealthy.
 o - a +1 pair of gloves of archery
 v - a +1 pair of gloves of strength
 C - a +2 cloak (worn)
 I - a +4 scale mail
 L - a +2 pair of boots of running (worn)
 M - a +1 plate armour of poison resistance (worn)
 X - the +4 buckler "Kawnymy" {Rampage Stlth+}
   (Okawaru gifted it to you on level 12 of the Dungeon)

   It bestows one free step when moving towards enemies.
   It makes you more stealthy.
 Y - a scarf of shadows
Jewellery
 i - the ring of Xom's Recklessness (right hand) {rC+ rN+}
   (You found it on level 1 of the Spider Nest)

   [ring of positive energy]

   It protects you from cold.
   It protects you from negative energy.
 l - an amulet of reflection (around neck)
 q - an uncursed ring of flight
 s - an uncursed ring of resist corrosion
 u - an uncursed ring of protection from magic
 D - an uncursed ring of positive energy
 E - a ring of poison resistance (left hand)
 G - the ring "Zirphano" {+Inv rPois rCorr Slay-6 Stlth+}
   (You found it on level 4 of the Spider Nest)

   [ring of resist corrosion]

   It affects your accuracy and damage with ranged weapons and melee attacks
   (-6).
   It protects you from poison.
   It lets you turn invisible.
   It provides partial protection from all sources of acid and corrosion.
   It makes you more stealthy.
Wands
 n - a wand of iceblast (46)
 p - a wand of enslavement (3)
 J - a wand of paralysis (8)
 O - a wand of flame (11)
 Q - a wand of digging (4)
Scrolls
 f - 14 scrolls of remove curse
 t - 7 scrolls of magic mapping
 w - 7 scrolls of blinking
 y - 16 scrolls of identify
 A - 12 scrolls of teleportation
 H - 4 scrolls of enchant armour
 Z - a scroll of summoning
Potions
 d - 5 potions of berserk rage
 e - a potion of cancellation
 g - 3 potions of flight
 j - 13 potions of curing
 x - 2 potions of invisibility
 z - 5 potions of resistance
 B - a potion of degeneration
 K - 7 potions of ambrosia
 N - 3 potions of haste
 P - 5 potions of might


   Skills:
 + Level 19.2 Fighting
 * Level 23.8 Axes
 + Level 15.1 Armour
 + Level 1.0 Dodging
 + Level 6.1 Shields
 * Level 3.0 Translocations
 + Level 4.8 Invocations
 + Level 2.3 Evocations


You had 14 spell levels left.
You knew the following spells:

 Your Spells              Type           Power        Failure   Level
a - Blink                 Tloc           N/A          85%         2

Your spell library contained the following spells:

 Spells                   Type           Power        Failure   Level
 Gell's Gravitas          Tloc           #.........   97%         3
 Lesser Beckoning         Tloc           #.........   97%         3
 Teleport Other           Tloc           #.......     97%         3
 Corona                   Hex            #......      98%         1
 Foxfire                  Conj/Fire      #...         98%         1
 Freeze                   Ice            #...         98%         1
 Magic Dart               Conj           #...         98%         1
 Sting                    Tmut/Pois      #...         98%         1
 Summon Small Mammal      Summ           #...         98%         1
 Call Imp                 Summ           #.......     99%         2
 Ensorcelled Hibernation  Hex/Ice        #.....       99%         2
 Poisonous Vapours        Pois/Air       #.....       99%         2
 Slow                     Hex            #.......     99%         2
 Call Canine Familiar     Summ           #.......     100%        3
 Confusing Touch          Hex            #.......     100%        3
 Conjure Flame            Conj/Fire      #.......     100%        3
 Dazzling Flash           Conj/Hex       #.....       100%        3
 Frozen Ramparts          Ice            #.....       100%        3
 Ignite Poison            Fire/Tmut/Pois #.......     100%        3
 Mephitic Cloud           Conj/Pois/Air  #.......     100%        3
 Ozocubu's Armour         Ice            #.......     100%        3
 Summon Guardian Golem    Hex/Summ       #.......     100%        3
 Tukima's Dance           Hex            #.......     100%        3
 Cause Fear               Hex            #.........   100%        4
 Hailstorm                Conj/Ice       #.......     100%        4
 Olgreb's Toxic Radiance  Pois           #.......     100%        4
 Passage of Golubria      Tloc           N/A          100%        4
 Petrify                  Tmut/Erth      #.......     100%        4
 Summon Ice Beast         Ice/Summ       #.......     100%        4
 Summon Lightning Spire   Summ/Air       #.......     100%        4
 Fireball                 Conj/Fire      #.........   100%        5
 Irradiate                Conj/Tmut      #.........   100%        5
 Silence                  Hex/Air        #.........   100%        5
 Conjure Ball Lightning   Conj/Air       #.........   100%        6
 Hydra Form               Tmut           #.........   100%        6
 Starburst                Conj/Fire      #.........   100%        6
 Statue Form              Tmut/Erth      #........    100%        6
 Dragon Form              Tmut           #.........   100%        7
 Ignition                 Fire           #.........   100%        8
 Dragon's Call            Summ           #.........   100%        9
 Shatter                  Erth           #.........   100%        9
 Tornado                  Air            #.........   100%        9


Dungeon Overview and Level Annotations

Branches:
Dungeon (12/15)            Temple (1/1) D:5            Lair (6/6) D:9
 Shoals (2/4) Lair:2       Spider (4/4) Lair:2        Slime (0/5) Lair:5
    Orc (2/2) D:10            Elf (0/3) Orc:2         Sewer (visited)
  IceCv (visited)

Altars:
Ashenzari
Cheibriados
Dithmenos
Elyvilon
Fedhas
Gozag
Hepliaklqana
Kikubaaqudgha
Makhleb
Nemelex Xobeh
Okawaru
Qazlal
Ru
Sif Muna
Trog
Uskayaw
Vehumet
Wu Jian
Xom
Yredelemnul
Zin
The Shining One

Shops:
D:6 *   D:11 *   Orc:1 (   Orc:2 :[}*[

Portals:
Abyss: Orc:1

Annotations:
Lair:5 exclusion: 5 oklob plants


Innate Abilities, Weirdness & Mutations

You reflexively headbutt those who attack you in melee.
You have a pair of horns on your head.
Your flesh is cold resistant. (rC+)
You are somewhat resistant to further mutation.


Message History

The merfolk siren chants its luring song.
The water nymph touches you. The water nymph drowns you!
* * * LOW HITPOINT WARNING * * *
The faun splashes around in the water.
The faun unwields a +0 quarterstaff.
The faun wields a +0 hunting sling.
The faun shoots a stone.
The stone hits you but does no damage.
You hear a splash.
The merfolk siren chants its luring song.
The water nymph casts a spell at you. The water swirls and strikes you!!
* * * LOW HITPOINT WARNING * * *
The faun gestures at you while chanting.
You resist with some effort.
You see here a stone.
You feel much better.
The faun shoots a stone.
The stone barely misses you.
You hear a splash.
The merfolk siren hits you but does no damage.
The water nymph points at you and mumbles some strange words.
The water swirls and strikes you!!
You die...

≈≈≈≈≈≈≈≈≈≈≈≈≈≈≈
≈≈≈≈≈≈≈≈≈≈≈≈≈≈≈
≈≈≈≈≈≈≈(≈≈≈≈≈≈≈≈≈≈≈
≈≈≈≈≈≈≈≈≈≈≈≈≈≈≈≈≈≈≈
≈≈≈≈≈≈≈≈≈≈≈≈....≈≈≈
≈≈≈≈≈≈≈≈...≈....<≈ .≈
≈≈≈≈≈≈≈≈..≈...... ≈≈≈
≈≈≈≈≈≈≈@≈≈≈≈.(# ..≈≈
≈≈≈≈≈≈c≈m≈≈...###..≈.
≈≈≈≈≈.mc≈≈....)..[..≈
≈≈≈≈≈..#..##.....≈≈..
≈≈≈...#######...≈≈≈≈≈
≈≈≈..# #.....≈≈..≈
≈...# ######........≈
≈..# #(..##....##.≈≈
?.# #.....≈≈≈.# ..


You could see 2 fauns, a merfolk siren (mesmerising) and a water nymph.

Vanquished Creatures
  Asterion (Spider:3)
  Rupert (Lair:5)
  Agnes (Spider:1)
  A kraken (Shoals:2)
  Roxanne (Spider:3)
  2 ghost moths (Spider:4)
  An orc warlord (Orc:2)
  7 emperor scorpions
  A stone giant (Orc:2)
  Azrael (Spider:1)
  2 entropy weavers
  3 spark wasps
  3 merfolk impalers (Shoals:1)
  The ghost of Ronwaid the Spear-Bearer, a journeyman DsFi of Fedhas (Orc:1)
  A fire dragon (Lair:6)
  Josephine (Shoals:1)
  The ghost of mammut the Magician, a journeyman PaAM of Vehumet (D:9)
  A boulder beetle (D:11)
  7 hydras
  A centaur warrior (Orc:2)
  6 two-headed ogres
  A hell hog (Orc:1)
  A soul eater (Orc:1)
  Nergalle (D:11)
  A fire crab (Lair:6)
  2 sea snakes
  2 unseen horrors (D:12)
  A wizard (Orc:1)
  3 harpies (Shoals:1)
  16 orb spiders
  Pikel (D:4)
  4 orc knights
  A necromancer (IceCv)
  5 manticores
  2 lindwurms
  4 orc sorcerers
  22 wolf spiders
  An oklob plant (Lair:5)
  2 moths of wrath
  A deep elf mage (D:10)
  11 elephants
  A faun (Shoals:2)
  A worldbinder (Orc:1)
  3 cyclopes
  2 water nymphs (Shoals:1)
  11 black mambas
  16 cane toads
  6 merfolk sirens
  3 ice statues
  Joseph (D:10)
  The ghost of ALWAYSlose the Cudgeler, a novice DsGl of Yredelemnul (D:5)
  2 molten gargoyles (Lair:6)
  7 rime drakes
  4 orange demons (D:10)
  4 gargoyles
  Maggie (Lair:1)
  An ancient zyme (Orc:1)
  18 komodo dragons
  3 red devils (D:10)
  8 demonic crawlers
  6 ice devils (IceCv)
  33 jumping spiders
  4 polar bears
  7 trolls
  A wind drake (Shoals:1)
  10 merfolk
  3 snapping turtles
  A tyrant leech (Lair:1)
  15 blink frogs
  4 hornets
  Grinder (D:5)
  9 dream sheep
  4 slime creatures (D:12)
  102 redbacks
  2 water elementals (Shoals:2)
  2 shadows
  5 wraiths (Shoals:1)
  38 tarantellas
  30 yaks
  4 fire elementals (Spider:1)
  Grum (D:8)
  13 wyverns
  2 steam dragons (Lair:6)
  6 basilisks
  Edmund (D:4)
  2 swamp worms (Lair:1)
  A warg (Orc:2)
  7 hell hounds
  An acid dragon (D:12)
  12 water moccasins
  3 sky beasts
  34 orc warriors
  Purgy (Sewer)
  Duvessa (D:7)
  2 ice beasts
  3 black bears
  8 ogres
  2 lemures (D:4)
  12 centaurs
  26 wolves
  10 bullfrogs
  10 scorpions
  Dowan (D:7)
  9 wights
  4 killer bees (D:10)
  2 bullfrog zombies
  3 electric eels
  2 centaur zombies
  5 lava snakes (Lair:6)
  2 draconian simulacra (IceCv)
  5 hounds
  3 quasits
  Crazy Yiuf (D:5)
  5 jellies
  12 orc priests
  2 centaur skeletons
  24 orc wizards
  3 bullfrog skeletons
  2 iguanas
  3 spriggan simulacra (IceCv)
  12 worker ants
  A troll simulacrum (IceCv)
  A centaur simulacrum (IceCv)
  A hound zombie (D:11)
  2 hound skeletons
  A howler monkey zombie (D:6)
  3 worker ant zombies
  16 adders
  6 gnolls
  3 naga simulacra (IceCv)
  15 white imps
  2 ufetubi
  2 adder zombies (D:7)
  3 oozes
  An adder skeleton (D:7)
  7 worms
  A dart slug (D:2)
  3 leopard geckos
  91 orcs
  11 bats
  2 giant cockroaches (D:1)
  6 goblins
  6 hobgoblins
  9 jackals
  5 quokkas
  2 ball pythons (D:3)
  4 frilled lizards
  2 gnoll zombies (D:2)
  A jackal zombie (D:8)
  16 kobolds
  A leopard gecko skeleton (D:4)
  3 quokka skeletons (D:5)
  10 rats
  2 tentacles (Shoals:2)
997 creatures vanquished.

Vanquished Creatures (others)
  21 fungi
  75 plants
  4 tentacles (Shoals:2)
100 creatures vanquished.

Grand Total: 1097 creatures vanquished

Notes
Turn   | Place    | Note
-------+----------+-------------------------------------------
     0 | D:1      | corevian the Minotaur Fighter began the quest for the Orb.
     0 | D:1      | Reached XP level 1. HP: 19/19 MP: 0/0
   141 | D:1      | Reached XP level 2. HP: 14/27 MP: 1/1
   556 | D:1      | Reached XP level 3. HP: 14/33 MP: 2/2
   983 | D:1      | Reached skill level 3 in Axes
  1243 | D:2      | Found a glowing golden altar of the Shining One.
  1414 | D:2      | Reached XP level 4. HP: 40/40 MP: 3/3
  1698 | D:2      | Found a hazy altar of Hepliaklqana.
  1915 | D:2      | Found a blossoming altar of Fedhas.
  1954 | D:2      | Found a basalt altar of Yredelemnul.
  2106 | D:3      | Reached XP level 5. HP: 37/47 MP: 4/4
  2109 | D:3      | Reached skill level 5 in Armour
  2398 | D:3      | Reached skill level 5 in Fighting
  2589 | D:3      | Found a sparkling altar of Nemelex Xobeh.
  2700 | D:4      | Noticed Pikel
  2700 | D:4      | Noticed a lemure
  2700 | D:4      | Noticed a lemure
  2700 | D:4      | Noticed a lemure
  2717 | D:4      | Reached XP level 6. HP: 43/56 MP: 5/5
  2774 | D:4      | Found a stormy altar of Qazlal.
  2878 | D:4      | Found a glowing drain.
  2900 | Sewer    | Entered a sewer
  2981 | Sewer    | Noticed Purgy
  2994 | Sewer    | Killed Purgy
  3030 | Sewer    | Got a faintly glowing war axe
  3062 | Sewer    | Identified the +7 war axe of Trog's Scorn {vorpal, Dex+3}
                  | (You found it in a sewer)
  3137 | D:4      | Reached skill level 4 in Axes
  3255 | D:5      | Entered Level 5 of the Dungeon
  3255 | D:5      | Found a large runed translucent door.
  3255 | D:5      | Found a large runed translucent door.
  3258 | D:5      | Noticed Grinder
  3259 | D:5      | Noticed ALWAYSlose's ghost (novice DsGl)
  3260 | D:5      | Found a staircase to the Ecumenical Temple.
  3261 | D:5      | Paralysed by Grinder for 3 turns
  3269 | Temple   | Entered the Ecumenical Temple
  3333 | Temple   | Became a worshipper of Warmaster Okawaru
  3358 | D:5      | Paralysed by Grinder for 6 turns
  3366 | D:5      | Killed Grinder
  3366 | D:5      | Reached skill level 5 in Axes
  3366 | D:5      | Reached XP level 7. HP: 60/63 MP: 6/6
  3371 | D:5      | Got a smoking buckler
  3382 | D:5      | Identified the +1 buckler "Vionweirgh" {Int+6} (You found
                  | it on level 5 of the Dungeon)
  3488 | D:4      | Killed Pikel
  3488 | D:4      | Reached * piety under Okawaru
  3488 | D:4      | Reached ** piety under Okawaru
  3488 | D:4      | Reached skill level 7 in Axes
  3488 | D:4      | Reached XP level 8. HP: 64/71 MP: 7/7
  3572 | D:4      | Noticed Edmund
  3576 | D:4      | Killed Edmund
  3994 | D:5      | Reached skill level 8 in Axes
  4079 | D:5      | Found a radiant altar of Vehumet.
  4081 | D:5      | Found an iron altar of Okawaru.
  4081 | D:5      | Found a shimmering altar of Xom.
  4084 | D:5      | Found a shimmering altar of Xom.
  4084 | D:5      | Found a sparkling altar of Nemelex Xobeh.
  4084 | D:5      | Found a hazy altar of Hepliaklqana.
  4398 | D:5      | Found a runed translucent door.
  4399 | D:5      | Noticed Crazy Yiuf
  4404 | D:5      | Killed Crazy Yiuf
  4501 | D:5      | Killed ALWAYSlose's ghost
  4501 | D:5      | Reached *** piety under Okawaru
  4501 | D:5      | Reached skill level 9 in Axes
  4616 | D:6      | Reached XP level 9. HP: 18/80 MP: 8/8
  4917 | D:6      | Found Papsenaw's Assorted Antiques.
  4923 | D:6      | Reached skill level 10 in Axes
  5040 | D:6      | Noticed a +0 hand axe
  5041 | D:6      | Found a hide-covered altar of Uskayaw.
  5041 | D:6      | Noticed a +0 dagger
  5304 | D:6      | Found a glowing silver altar of Zin.
  5692 | D:7      | Paralysed by a hornet for 3 turns
  5697 | D:7      | Reached skill level 11 in Axes
  6039 | D:7      | Noticed Dowan
  6040 | D:7      | Noticed Duvessa
  6044 | D:7      | Killed Dowan
  6047 | D:7      | Killed Duvessa
  6071 | D:7      | Reached **** piety under Okawaru
  6580 | D:8      | Noticed a two-headed ogre
  6588 | D:8      | Killed a two-headed ogre
  6588 | D:8      | Reached skill level 12 in Axes
  6619 | D:8      | Reached XP level 10. HP: 65/90 MP: 9/9
  6764 | D:8      | Reached ***** piety under Okawaru
  6890 | D:8      | Reached skill level 13 in Axes
  6952 | D:8      | Noticed a two-headed ogre
  6958 | D:8      | Killed a two-headed ogre
  7027 | D:8      | Noticed Grum
  7037 | D:8      | Killed Grum
  7037 | D:8      | Received a gift from Okawaru
  7044 | D:8      | Identified a +2 pair of boots of running (Okawaru gifted it
                  | to you on level 8 of the Dungeon)
  7101 | D:8      | Reached skill level 14 in Axes
  7367 | D:8      | Found a shimmering blue altar of Sif Muna.
  7459 | D:9      | Noticed a two-headed ogre
  7468 | D:9      | Killed a two-headed ogre
  7523 | D:9      | Noticed a two-headed ogre
  7576 | D:9      | Reached skill level 15 in Axes
  7682 | D:9      | Found a sacrificial altar of Ru.
  7850 | D:9      | Found a bloodstained altar of Trog.
  7918 | D:9      | Found a runed translucent door.
  7918 | D:9      | Noticed mammut's ghost (journeyman PaAM)
  8018 | D:9      | Killed a two-headed ogre
  8018 | D:9      | Reached XP level 11. HP: 89/97 MP: 10/10
  8037 | D:9      | Found a staircase to the Lair.
  8317 | D:9      | Killed mammut's ghost
  8658 | D:10     | Entered Level 10 of the Dungeon
  8665 | D:10     | Reached skill level 16 in Axes
  8668 | D:10     | Reached skill level 10 in Fighting
  8772 | D:10     | Got an encrusted trident
  8773 | D:10     | Identified the +6 trident "Qaipt" {flame, rPois Str-4
                  | Dex+4} (You found it on level 10 of the Dungeon)
  8919 | D:10     | Received a gift from Okawaru
  9064 | D:10     | Noticed Joseph
  9089 | D:10     | Killed Joseph
  9432 | D:10     | Found a staircase to the Orcish Mines.
  9470 | D:10     | Reached ****** piety under Okawaru
  9708 | D:11     | Noticed a deep elf mage
  9709 | D:11     | Noticed Nergalle
  9944 | D:10     | Killed a deep elf mage
  9954 | D:11     | Noticed a spectral orc warlord
  9962 | D:11     | Killed Nergalle
 10056 | D:11     | Found a large runed translucent door.
 10056 | D:11     | Found a large runed translucent door.
 10063 | D:11     | Reached XP level 12. HP: 111/111 MP: 11/11
 10082 | D:11     | Reached skill level 17 in Axes
 10082 | D:11     | Reached skill level 10 in Armour
 10108 | D:11     | Found a large runed translucent door.
 10108 | D:11     | Found a large runed translucent door.
 10464 | D:11     | Reached skill level 1 in Invocations
 10529 | D:11     | Noticed a boulder beetle
 10551 | D:11     | Killed a boulder beetle
 10910 | D:11     | Found Duojew's Assorted Antiques.
 10918 | D:11     | Bought a potion of might for 108 gold pieces
 10918 | D:11     | Bought a scroll of teleportation for 81 gold pieces
 10918 | D:11     | Bought a scroll of identify for 54 gold pieces
 11330 | D:12     | Received a gift from Okawaru
 11331 | D:12     | Got a heavily runed buckler {god gift}
 11478 | D:12     | Identified the +4 buckler "Kawnymy" {Rampage Stlth+}
                  | (Okawaru gifted it to you on level 12 of the Dungeon)
 13096 | Lair:1   | Entered Level 1 of the Lair of Beasts
 13096 | Lair:1   | Noticed an eight-headed hydra
 13103 | Lair:1   | Killed a ten-headed hydra
 13300 | Lair:1   | Reached skill level 18 in Axes
 13350 | Lair:1   | Noticed a six-headed hydra
 13365 | Lair:1   | Killed an 11-headed hydra
 13365 | Lair:1   | Reached XP level 13. HP: 123/123 MP: 5/13
 13816 | Lair:1   | Noticed Maggie
 13824 | Lair:1   | Killed Maggie
 14234 | Lair:1   | Identified a scroll of acquirement
 14235 | Lair:1   | Acquired a +1 antimagic executioner's axe
 14278 | Lair:2   | Received a gift from Okawaru
 14355 | Lair:2   | Found a staircase to the Shoals.
 14418 | Lair:2   | Found a hole to the Spider Nest.
 15259 | Lair:3   | Received a gift from Okawaru
 15551 | Lair:3   | Reached skill level 15 in Fighting
 16440 | Lair:4   | Reached skill level 19 in Axes
 16819 | Lair:4   | Reached XP level 14. HP: 45/135 MP: 12/15
 17479 | Lair:5   | Noticed Rupert
 17502 | Lair:5   | Killed Rupert
 18793 | Lair:5   | Reached skill level 1 in Evocations
 19307 | Lair:5   | Found a staircase to the Slime Pits.
 19678 | Lair:6   | Entered Level 6 of the Lair of Beasts
 19775 | Lair:6   | Received a gift from Okawaru
 20944 | Lair:6   | Reached skill level 20 in Axes
 21166 | Lair:6   | Found a large runed translucent door.
 21166 | Lair:6   | Found a large runed translucent door.
 22043 | Lair:6   | Gained mutation: Your flesh is cold resistant. (rC+)
                  | [potion of mutation]
 22043 | Lair:6   | Gained mutation: You are somewhat resistant to further
                  | mutation. [potion of mutation]
 22319 | Orc:1    | Entered Level 1 of the Orcish Mines
 22427 | Orc:1    | Found a bloodstained altar of Trog.
 22566 | Orc:1    | Found a frozen archway.
 22592 | Orc:1    | Found Heusk's Antique Weapon Emporium.
 22673 | Orc:1    | Found a transporter.
 22675 | Orc:1    | Noticed Ronwaid's ghost (journeyman DsFi)
 22676 | Orc:1    | Identified the +10 great mace "Tiuwaesch" {distort, +Inv
                  | rElec}
 22677 | Orc:1    | Found a one-way gate to the infinite horrors of the Abyss.
 22792 | Orc:1    | Found a transporter.
 23055 | Orc:1    | Received a gift from Okawaru
 23064 | Orc:1    | Reached XP level 15. HP: 137/146 MP: 14/16
 23070 | Orc:1    | Killed Ronwaid's ghost
 23338 | Orc:2    | Entered Level 2 of the Orcish Mines
 23338 | Orc:2    | Noticed an orc warlord
 23354 | Orc:2    | Killed an orc warlord
 23635 | Orc:2    | Found Sohutofe's General Store.
 23635 | Orc:2    | Found Keeshrukh's Gadget Boutique.
 23650 | Orc:2    | Found Fuarchib's Antique Armour Shop.
 23699 | Orc:2    | Found Myokimn's Armour Shoppe.
 23784 | Orc:2    | Found Uryud's Book Emporium.
 23969 | Orc:2    | Found a staircase to the Elven Halls.
 24006 | Orc:2    | Found a frozen archway.
 24018 | IceCv    | Entered an ice cave
 24635 | IceCv    | Reached skill level 21 in Axes
 25412 | Orc:2    | Bought a scroll of teleportation for 54 gold pieces
 25412 | Orc:2    | Bought a scroll of identify for 36 gold pieces
 25412 | Orc:2    | Bought a scroll of identify for 36 gold pieces
 25425 | Orc:2    | Bought a pair of scorched gloves for 237 gold pieces
 25444 | Orc:2    | Identified the cursed +0 pair of gloves "Miq Jebuept"
                  | {Rampage +Inv rN+ Str-3} (You bought it in a shop on level
                  | 2 of the Orcish Mines)
 25774 | D:6      | Bought a scroll labeled WYIZUS AGHULASM for 23 gold pieces
 25905 | Spider:1 | Entered Level 1 of the Spider Nest
 26003 | Spider:1 | Noticed Agnes
 26009 | Spider:1 | Killed Agnes
 26028 | Spider:1 | Received a gift from Okawaru
 26916 | Spider:1 | Noticed Azrael
 26929 | Spider:1 | Killed Azrael
 26937 | Spider:1 | Got a sparkling granite ring
 26938 | Spider:1 | Identified the ring of Xom's Recklessness {rC+ rN+} (You
                  | found it on level 1 of the Spider Nest)
 28033 | Spider:2 | Reached skill level 22 in Axes
 28475 | Spider:2 | Reached XP level 16. HP: 141/157 MP: 18/18
 28901 | Spider:2 | Received a gift from Okawaru
 30742 | Spider:3 | Identified Roxanne's Volume of Earth
 30742 | Spider:3 | Noticed Roxanne
 30761 | Spider:3 | Killed Roxanne
 30800 | Spider:3 | Noticed Asterion
 30828 | Spider:3 | Killed Asterion
 31232 | Spider:3 | Reached skill level 5 in Shields
 32376 | Spider:4 | Entered Level 4 of the Spider Nest
 32450 | Spider:4 | Reached skill level 23 in Axes
 32992 | Spider:4 | Received a gift from Okawaru
 33583 | Spider:3 | Learned a level 2 spell: Blink
 33610 | Spider:4 | Got a pair of steaming gloves {god gift}
 33611 | Spider:4 | Identified the +4 pair of gloves "Zajiw" {rC+ Stlth+}
                  | (Okawaru gifted it to you on level 4 of the Spider Nest)
 33759 | Spider:4 | Reached skill level 1 in Translocations
 34546 | Spider:4 | Reached XP level 17. HP: 123/168 MP: 1/19
 34735 | Spider:4 | Got a brightly glowing ivory ring
 34750 | Spider:4 | Got a gossamer rune of Zot
 34853 | Spider:4 | Identified the ring "Zirphano" {+Inv rPois rCorr Slay-6
                  | Stlth+} (You found it on level 4 of the Spider Nest)
 34989 | Shoals:1 | Entered Level 1 of the Shoals
 35119 | Shoals:1 | Noticed Josephine
 35130 | Shoals:1 | Killed Josephine
 35130 | Shoals:1 | Reached skill level 1 in Dodging
 35281 | Shoals:1 | Reached skill level 15 in Armour
 36444 | Shoals:2 | Noticed a kraken
 36454 | Shoals:2 | Killed a kraken
 36723 | Shoals:2 | HP: 6/168 [water nymph/the raging water (32)]
 36724 | Shoals:2 | Killed from afar by a water nymph

Illustrated notes

Levels and vault maps discovered:
D:1:      minmay_arrival_four_loops, layout_basic, serial_bayou_pond_c
D:2:      layout_basic, lemuel_coloured_pillars_altar, lemuel_doored_altar,
          old_standard_altar, lemuel_zombie_altar_yredelemnul,
          minmay_misc_feat_hallway
D:3:      layout_rooms, nemelex_xobeh_ov_fountains_minmay
D:4:      layout_basic, cheibrodos_sewer_entry_bend, grunt_qazlal_clouds,
          uniq_edmund, uniq_pikel
D:5:      layout_basic, doesnt_xom_only_xom, temple_fountains,
          ebering_ghost_disaster_area, zaba_anthole, uniq_crazy_yiuf_cottage,
          uniq_grinder
D:6:      layout_loops_ring, dancing_weapons_uskayaw, zin_statuary,
          kennysheep_windowed_goal
D:7:      layout_loops_cross, uniq_duvessa
D:8:      layout_loops_ring, kennysheep_little_box, grunt_ministairs_14,
          uniq_grum
D:9:      layout_long_grid, lemuel_round_altar,
          nicolae_ru_great_annihilating_truth, grunt_lair_entry_orc_guard_hut,
          ebering_ghost_inner_flame
D:10:     layout_basic, hiddenorc2_lemuel,
          hangedman_abyss_or_decor_jellyfish_corner, minmay_beelzebubs_servants,
          uniq_joseph
D:11:     layout_long_grid, serial_shops, shop, minmay_hollow_rounded_squares,
          uniq_nergalle
D:12:     layout_loops_corners, grunt_decor_mini_mirrors, st_stairs_11,
          minivault_16
Temple:   zaba_magenta_temple
Lair:1:   wad_woods_04, layout_regular_city, worms_lemuel, uniq_maggie
Lair:2:   layout_cellular_growth, elwin_shoals_entry_stream,
          spider_nest_entry_webs, grunt_forest_small_clearings,
          grunt_megastairs_4
Lair:3:   layout_loops_ring, serial_bayou, serial_bayou_lagoon_a,
          serial_bayou_pond_b, serial_bayou_shore_b, serial_bayou_pond_e
Lair:4:   layout_misc_corridors, lemuel_fruit_tree, grunt_megastairs_1
Lair:5:   layout_gridlike, minmay_slime_entry_oklob_open,
          minmay_lair_oklob_chamber, infiniplex_staircase_pool, uniq_rupert
Lair:6:   cheibrodos_lair_end_hotspot, layout_regular_city,
          chequers_serial_rivers_micro_c
Shoals:1: layout_shoals, uniq_josephine
Shoals:2: layout_shoals
Spider:1: layout_spider_delve, uniq_azrael, uniq_agnes
Spider:2: layout_chambers
Spider:3: layout_chambers, uniq_roxanne, uniq_asterion
Spider:4: grunt_spider_rune_circles
Orc:1:    layout_caves, basic_altar, gammafunk_ghost_abyssal_escape,
          portal_ice_cave_entry_pillars_1, serial_shops, shop
Orc:2:    st_orc_rangers, layout_caves, serial_shops, shop,
          portal_ice_cave_entry_imps, rock_pile

Skill      XL: |  1  2  3  4  5  6  7  8  9 10 11 12 13 14 15 16 17 |
---------------+----------------------------------------------------+-----
Shields        | 4 5 6 |  6.1
Fighting       | 4 5 6 7 8 9 11 13 15 16 18 19 | 19.2
Axes           | 3 5 7 9 12 15 16 18 19 20 22 23 | 23.8
Armour         | 4 5 6 7 8 9 11 12 13 14 15 | 15.1
Invocations    | 2 3 4 |  4.8
Evocations     | 2 |  2.3
Translocations | 1 3 |  3.0
Dodging        | 1 |  1.0

Action                   |  1- 3 |  4- 6 |  7- 9 | 10-12 | 13-15 | 16-18 || total
-------------------------+-------+-------+-------+-------+-------+-------++-------
Melee: War axe           |    90 |   173 |   138 |   491 |  1013 |   213 ||  2118
       Headbutt          |     6 |    25 |    20 |   136 |   289 |   125 ||   601
       Executioner's axe |       |       |       |       |       |   342 ||   342
Invok: Heroism           |       |       |       |    10 |    13 |     8 ||    31
       Finesse           |       |       |       |     2 |     2 |     1 ||     5
Evoke: Condenser vane    |       |       |       |     1 |       |       ||     1
       Wand              |       |       |       |       |    18 |       ||    18
  Use: Scroll            |       |     8 |       |    12 |    13 |    13 ||    46
       Potion            |       |     1 |       |     2 |    12 |     4 ||    19
 Stab: Paralysed         |       |       |       |     1 |       |       ||     1
       Sleeping          |       |       |       |       |     3 |       ||     3
       Distracted        |       |       |       |       |     1 |       ||     1
Armor: Scale mail        |    56 |    86 |    40 |   169 |   274 |       ||   625
       Ring mail         |       |       |       |     3 |     6 |       ||     9
       Skin              |       |       |       |     1 |       |       ||     1
       Plate armour      |       |       |       |       |   101 |   456 ||   557
Dodge: Dodged            |    28 |    63 |    22 |   133 |   260 |   192 ||   698
Block: Kite shield       |    69 |   134 |       |       |       |       ||   203
       Reflection        |       |     3 |     1 |     9 |    64 |     3 ||    80
       Buckler           |       |       |    51 |   240 |   540 |   152 ||   983
       Other             |       |       |       |     2 |     1 |    87 ||    90

Table legend: (Time is in decaauts)
 A = Elapsed time spent in this place.
 B = Non-inter-level travel time spent in this place.
 C = Inter-level travel time spent in this place.
 D = Time resting spent in this place.
 E = Time spent auto-exploring this place.
 F = Levels seen in this place.
 G = Mean time per level.
                   A        B        C        D        E       F      G
               +--------+--------+--------+--------+--------+-----+--------+
         Total |  35065 |  32396 |   2669 |   5274 |  22140 |  29 | 1209.1 |
       Dungeon |  12727 |  11142 |   1585 |   1024 |   8162 |  12 | 1060.6 |
        Temple |     81 |     63 |     18 |      0 |     57 |   1 |   81.0 |
          Lair |   8679 |   8102 |    577 |   1793 |   5374 |   6 | 1446.5 |
        Shoals |   1734 |   1626 |    108 |    133 |   1218 |   2 |  867.0 |
   Spider Nest |   8560 |   8293 |    267 |   1481 |   5799 |   4 | 2140.0 |
  Orcish Mines |   2133 |   2021 |    112 |    284 |   1262 |   2 | 1066.5 |
         Sewer |    190 |    190 |      0 |      0 |     93 |   1 |  190.0 |
      Ice Cave |    959 |    959 |      0 |    559 |    174 |   1 |  959.0 |
               +--------+--------+--------+--------+--------+-----+--------+

Top non-repeatable levels by time:
Spider:3: 2964 daAuts
  Lair:5: 2344 daAuts
  Lair:6: 2341 daAuts
Spider:2: 2211 daAuts
Spider:1: 1891 daAuts
    D:12: 1637 daAuts
Spider:4: 1492 daAuts
Shoals:1: 1427 daAuts
    D:11: 1293 daAuts
    D:10: 1266 daAuts
   Orc:2: 1183 daAuts
  Lair:3: 1136 daAuts
  Lair:1: 1095 daAuts
     D:2: 1072 daAuts
     D:6: 1069 daAuts
